[ AOE2 MATCH · #504558427 ]
UnrankedGoths vs Dravidians
Player's team · LOSS
[ REPLAY ANALYSIS · EXTRACTED FROM THE RECORDED GAME ]
Feudal
8:51
Castle
19:57
Imperial
34:32
| APM avg | 116.9 |
| APM peak | 293 |
| eAPM avg | 65.3 |
| Villagers / military | 246 / 248 |
Focus
⚔️ 70.7% · 🌾 29.3%
Huskarl ×93 · Skirmisher ×66 · Cavalry Archer ×58 · Militia ×7 · Bombard Cannon ×6 · Hand Cannoneer ×6
Feudal
9:00
Castle
19:39
Imperial
35:57
| APM avg | 56.2 |
| APM peak | 105 |
| eAPM avg | 32.7 |
| Villagers / military | 180 / 297 |
Focus
⚔️ 45.4% · 🌾 54.6%
Skirmisher ×116 · Urumi Swordsman ×87 · Archer ×42 · Bombard Cannon ×15 · Hand Cannoneer ×10 · Armored Elephant ×8
Match map
Initial resources + every placement click. Lines = walls · curves = elevation contours. ◆ gold · ⬟ stone · ● berries · ✦ relic · ◌ wall gap
Your base· ✓ Closed at 19:57 · 43t walls · no gate
Leonidas's base· Open — opponent sealed themselves in
Smoothed initial terrain · ◌ = detected wall gap · hover for details
Inputs per minute
— blytz - - Leonidas
Build order — blytz
First 150 of 763 actions detected
| 0:00 | Create | Villager (Male) |
| 0:00 | Create | Villager (Male) |
| 0:01 | Build | House |
| 0:02 | Build | House |
| 0:04 | Create | Villager (Male) |
| 0:04 | Create | Villager (Male) |
| 0:52 | Research | Loom |
| 0:52 | Research | Loom |
| 0:54 | Create | Villager (Male) |
| 0:55 | Create | Villager (Male) |
| 1:28 | Create | Villager (Male) |
| 1:29 | Create | Villager (Male) |
| 2:00 | Create | Villager (Male) |
| 2:04 | Create | Villager (Male) |
| 2:09 | Build | Lumber Camp |
| 2:35 | Create | Villager (Male) |
| 2:52 | Create | Villager (Male) |
| 3:10 | Create | Villager (Male) |
| 3:25 | Create | Villager (Male) |
| 3:52 | Build | House |
| 4:00 | Create | Villager (Male) |
| 4:18 | Create | Villager (Male) |
| 4:18 | Create | Villager (Male) |
| 4:38 | Create | Villager (Male) |
| 4:57 | Create | Villager (Male) |
| 4:58 | Create | Villager (Male) |
| 5:20 | Create | Villager (Male) |
| 5:24 | Create | Villager (Male) |
| 5:31 | Build | Barracks |
| 5:48 | Build | House |
| 6:39 | Research | Feudal Age |
| 6:39 | Research | Feudal Age |
| 6:52 | Create | Militia |
| 7:08 | Create | Militia |
| 7:12 | Build | Mining Camp |
| 7:28 | Create | Villager (Male) |
| 7:40 | Create | Militia |
| 7:43 | Create | Villager (Male) |
| 8:01 | Build | Lumber Camp |
| 8:12 | Create | Villager (Male) |
| 8:19 | Create | Militia |
| 8:21 | Create | Villager (Male) |
| 8:24 | Build | House |
| 8:37 | Build | House |
| 8:42 | Create | Villager (Male) |
| 8:51 | Age | Feudal Age |
| 8:59 | Research | Man-at-Arms (upgrade) |
| 9:00 | Research | Man-at-Arms (upgrade) |
| 9:04 | Create | Villager (Male) |
| 9:05 | Create | Villager (Male) |
| 9:09 | Build | Palisade Wall |
| 9:10 | Create | Villager (Male) |
| 9:11 | Build | Palisade Wall |
| 9:14 | Build | Palisade Wall |
| 9:41 | Create | Villager (Male) |
| 9:56 | Create | Villager (Male) |
| 10:21 | Create | Villager (Male) |
| 10:28 | Build | Mill |
| 10:44 | Create | Villager (Male) |
| 10:57 | Create | Militia |
| 11:11 | Build | Farm |
| 11:11 | Build | Farm |
| 11:12 | Build | Farm |
| 11:23 | Build | Farm |
| 11:25 | Create | Villager (Male) |
| 11:26 | Create | Militia |
| 11:29 | Create | Villager (Male) |
| 11:31 | Build | Farm |
| 11:38 | Build | House |
| 11:39 | Build | Palisade Wall |
| 11:45 | Create | Militia |
| 11:56 | Create | Villager (Male) |
| 12:00 | Research | Double-Bit Axe |
| 12:00 | Research | Double-Bit Axe |
| 12:07 | Build | Farm |
| 12:20 | Create | Villager (Male) |
| 12:31 | Create | Villager (Male) |
| 12:32 | Build | Farm |
| 12:44 | Create | Villager (Male) |
| 12:46 | Build | Farm |
| 12:54 | Build | Farm |
| 13:05 | Create | Villager (Male) |
| 13:11 | Create | Villager (Male) |
| 13:12 | Create | Villager (Male) |
| 13:16 | Build | House |
| 13:19 | Build | Palisade Wall |
| 13:24 | Create | Villager (Male) |
| 13:26 | Build | Farm |
| 13:36 | Create | Villager (Male) |
| 13:39 | Build | House |
| 13:45 | Create | Villager (Male) |
| 13:55 | Create | Villager (Male) |
| 14:08 | Create | Villager (Male) |
| 14:22 | Create | Villager (Male) |
| 14:25 | Build | Archery Range |
| 14:33 | Create | Villager (Male) |
| 14:33 | Create | Villager (Male) |
| 14:35 | Build | Farm |
| 14:53 | Create | Villager (Male) |
| 14:54 | Create | Villager (Male) |
| 15:00 | Build | Farm |
| 15:04 | Research | Horse Collar |
| 15:04 | Research | Horse Collar |
| 15:16 | Create | Villager (Male) |
| 15:21 | Build | House |
| 15:22 | Create | Skirmisher |
| 15:24 | Create | Villager (Male) |
| 15:30 | Build | Farm |
| 15:44 | Build | Palisade Wall |
| 15:45 | Create | Villager (Male) |
| 15:47 | Create | Villager (Male) |
| 15:58 | Build | Farm |
| 16:03 | Create | Villager (Male) |
| 16:17 | Build | Farm |
| 16:34 | Build | Blacksmith |
| 16:52 | Create | Villager (Male) |
| 16:53 | Build | House |
| 16:54 | Create | Skirmisher |
| 17:02 | Create | Villager (Male) |
| 17:11 | Research | Castle Age |
| 17:11 | Research | Castle Age |
| 17:14 | Create | Villager (Male) |
| 17:24 | Create | Skirmisher |
| 17:27 | Research | Padded Archer Armor |
| 17:36 | Build | House |
| 17:39 | Create | Skirmisher |
| 17:57 | Research | Fletching |
| 17:57 | Research | Fletching |
| 17:59 | Create | Skirmisher |
| 18:11 | Build | Farm |
| 18:11 | Research | Gold Mining |
| 18:12 | Research | Gold Mining |
| 18:13 | Create | Skirmisher |
| 18:28 | Build | Archery Range |
| 18:32 | Create | Villager (Male) |
| 18:48 | Create | Skirmisher |
| 18:58 | Create | Villager (Male) |
| 19:22 | Create | Villager (Male) |
| 19:37 | Create | Villager (Male) |
| 19:43 | Create | Skirmisher |
| 19:43 | Create | Skirmisher |
| 19:46 | Create | Villager (Male) |
| 19:57 | Age | Castle Age |
| 19:59 | Build | Town Center |
| 20:00 | Research | Elite Skirmisher (upgrade) |
| 20:03 | Research | Bodkin Arrow |
| 20:04 | Research | Bodkin Arrow |
| 20:09 | Research | Bow Saw |
| 20:13 | Create | Villager (Male) |
| 20:15 | Build | House |
Build order — Leonidas
First 150 of 642 actions detected
| 0:01 | Create | Villager (Male) |
| 0:03 | Build | House |
| 0:04 | Build | House |
| 0:06 | Create | Villager (Male) |
| 0:07 | Create | Villager (Male) |
| 0:09 | Create | Villager (Male) |
| 0:09 | Create | Villager (Male) |
| 1:09 | Create | Villager (Male) |
| 1:44 | Create | Villager (Male) |
| 1:56 | Build | Lumber Camp |
| 2:10 | Create | Villager (Male) |
| 2:30 | Create | Villager (Male) |
| 2:30 | Create | Villager (Male) |
| 3:02 | Create | Villager (Male) |
| 3:25 | Build | House |
| 3:38 | Create | Villager (Male) |
| 3:48 | Create | Villager (Male) |
| 4:05 | Build | House |
| 4:17 | Create | Villager (Male) |
| 4:37 | Create | Villager (Male) |
| 4:55 | Create | Villager (Male) |
| 5:27 | Build | Barracks |
| 5:34 | Create | Villager (Male) |
| 5:35 | Research | Loom |
| 6:23 | Build | House |
| 6:50 | Research | Feudal Age |
| 7:19 | Create | Militia |
| 7:23 | Build | Mining Camp |
| 7:26 | Create | Militia |
| 7:51 | Create | Militia |
| 8:10 | Create | Militia |
| 9:00 | Age | Feudal Age |
| 9:01 | Build | Archery Range |
| 9:03 | Research | Man-at-Arms (upgrade) |
| 9:03 | Research | Man-at-Arms (upgrade) |
| 9:05 | Build | Mill |
| 9:07 | Create | Villager (Male) |
| 9:18 | Create | Villager (Male) |
| 9:41 | Create | Villager (Male) |
| 9:59 | Build | Farm |
| 10:00 | Build | Farm |
| 10:01 | Build | Farm |
| 10:03 | Create | Villager (Male) |
| 10:08 | Create | Militia |
| 10:26 | Create | Villager (Male) |
| 10:39 | Build | House |
| 10:40 | Create | Villager (Male) |
| 10:57 | Build | Farm |
| 10:58 | Create | Villager (Male) |
| 11:12 | Create | Villager (Male) |
| 11:23 | Create | Archer |
| 11:25 | Build | Farm |
| 11:26 | Build | Farm |
| 11:28 | Build | Farm |
| 11:32 | Build | Farm |
| 11:45 | Build | House |
| 11:48 | Create | Villager (Male) |
| 12:01 | Research | Double-Bit Axe |
| 12:01 | Research | Double-Bit Axe |
| 12:06 | Create | Villager (Male) |
| 12:10 | Create | Archer |
| 12:10 | Create | Archer |
| 12:25 | Build | House |
| 12:26 | Build | Palisade Wall |
| 12:35 | Create | Villager (Male) |
| 12:39 | Create | Villager (Male) |
| 13:00 | Build | Farm |
| 13:03 | Build | Farm |
| 13:05 | Create | Villager (Male) |
| 13:10 | Create | Archer |
| 13:27 | Build | House |
| 13:31 | Create | Villager (Male) |
| 13:38 | Build | Palisade Wall |
| 13:46 | Create | Archer |
| 13:53 | Create | Villager (Male) |
| 14:20 | Build | Blacksmith |
| 14:22 | Create | Villager (Male) |
| 14:24 | Build | Farm |
| 14:27 | Create | Archer |
| 14:46 | Build | Farm |
| 14:46 | Create | Villager (Male) |
| 14:51 | Create | Archer |
| 14:58 | Build | Palisade Wall |
| 15:02 | Build | Palisade Wall |
| 15:10 | Create | Villager (Male) |
| 15:27 | Create | Villager (Male) |
| 15:35 | Create | Archer |
| 15:51 | Create | Villager (Male) |
| 15:52 | Create | Archer |
| 16:07 | Build | House |
| 16:09 | Build | Palisade Wall |
| 16:25 | Create | Villager (Male) |
| 16:59 | Research | Castle Age |
| 17:12 | Build | Lumber Camp |
| 17:31 | Research | Fletching |
| 17:39 | Research | Horse Collar |
| 17:46 | Build | House |
| 17:48 | Build | Palisade Wall |
| 17:51 | Build | Palisade Wall |
| 17:57 | Create | Archer |
| 18:03 | Create | Villager (Male) |
| 18:33 | Create | Archer |
| 18:47 | Build | Lumber Camp |
| 19:32 | Research | Wheelbarrow |
| 19:39 | Age | Castle Age |
| 19:40 | Research | Bodkin Arrow |
| 19:41 | Research | Crossbowman (upgrade) |
| 19:42 | Research | Crossbowman (upgrade) |
| 19:48 | Build | Town Center |
| 19:53 | Build | Town Center |
| 19:54 | Create | Villager (Male) |
| 20:10 | Research | Town Watch |
| 20:14 | Create | Villager (Male) |
| 20:25 | Create | Villager (Male) |
| 20:48 | Build | Farm |
| 20:50 | Create | Villager (Male) |
| 20:55 | Create | Villager (Male) |
| 21:17 | Create | Villager (Male) |
| 21:18 | Create | Archer |
| 21:18 | Create | Archer |
| 21:19 | Create | Villager (Male) |
| 21:28 | Create | Villager (Male) |
| 21:39 | Create | Villager (Male) |
| 21:40 | Create | Archer |
| 21:49 | Create | Villager (Male) |
| 22:00 | Build | Siege Workshop |
| 22:01 | Create | Villager (Male) |
| 22:12 | Create | Villager (Male) |
| 22:15 | Build | Farm |
| 22:16 | Create | Villager (Male) |
| 22:22 | Create | Archer |
| 22:29 | Create | Villager (Male) |
| 22:39 | Build | Farm |
| 22:39 | Build | Farm |
| 22:44 | Create | Villager (Male) |
| 22:45 | Create | Archer |
| 22:50 | Create | Villager (Male) |
| 22:50 | Create | Villager (Male) |
| 22:52 | Build | Farm |
| 23:11 | Create | Villager (Male) |
| 23:12 | Create | Mangonel |
| 23:12 | Create | Mangonel |
| 23:13 | Create | Villager (Male) |
| 23:14 | Create | Archer |
| 23:19 | Build | Farm |
| 23:25 | Build | Farm |
| 23:28 | Create | Archer |
| 23:32 | Create | Villager (Male) |
| 23:39 | Build | Farm |
| 23:42 | Create | Archer |
Match timeline
| 5:27 | Leonidas · first_building Barracks |
| 5:31 | blytz · first_building Barracks |
| 8:51 | blytz · age_up feudal |
| 9:00 | Leonidas · age_up feudal |
| 9:01 | Leonidas · first_building Archery Range |
| 9:09 | blytz · wall_segment Palisade Wall x5 |
| 9:11 | blytz · wall_segment Palisade Wall x3 |
| 9:14 | blytz · wall_segment Palisade Wall x6 |
| 11:39 | blytz · wall_segment Palisade Wall x7 |
| 12:26 | Leonidas · wall_segment Palisade Wall x6 |
| 13:19 | blytz · wall_segment Palisade Wall x15 |
| 13:38 | Leonidas · wall_segment Palisade Wall x7 |
| 14:25 | blytz · first_building Archery Range |
| 14:58 | Leonidas · wall_segment Palisade Wall x7 |
| 15:02 | Leonidas · wall_segment Palisade Wall x4 |
| 15:44 | blytz · wall_segment Palisade Wall x7 |
| 16:09 | Leonidas · wall_segment Palisade Wall x1 |
| 17:48 | Leonidas · wall_segment Palisade Wall x10 |
| 17:51 | Leonidas · wall_segment Palisade Wall x7 |
| 19:39 | Leonidas · age_up castle |
| 19:57 | blytz · age_up castle |
| 22:00 | Leonidas · first_building Siege Workshop |
| 23:39 | blytz · first_building Siege Workshop |
| 24:00 | Leonidas · first_building Monastery |
| 28:43 | Leonidas · first_building Castle |
| 30:48 | blytz · first_building Castle |
| 31:36 | blytz · first_building Monastery |
| 32:51 | blytz · first_building Stable |
| 34:12 | Leonidas · first_market_buy 100 wood |
| 34:32 | blytz · age_up imperial |
| 34:57 | blytz · first_market_buy 100 food |
| 35:57 | Leonidas · age_up imperial |
| 36:28 | Leonidas · first_market_sell 500 wood |
| 40:25 | blytz · first_market_sell 100 food |
| 42:56 | Leonidas · first_building Stable |
| 54:24 | blytz · resign |
[ AI ANALYSIS · 1 CREDIT ]
What really happened in this match?
Wolo.gg analyzes every decision: build order, eco, micro, common mistakes by bracket. Personalized analysis on WhatsApp or Discord in 30 seconds.
Civ guide
Goths
Perfil
Jugador #21516070